 Dungeon Crawl Stone Soup version 0.29.1-15-g9cfb28693d (webtiles) character file.

Game seed: 15872770064958511249

11732 Cheops the Impaler (level 11, 0/75 HPs)
             Began as a Merfolk Gladiator on Mar 30, 2023.
             Was a Believer of the Shining One.
             Slain by a centaur warrior (13 damage)
             ... on level 12 of the Dungeon on Mar 31, 2023.
             The game lasted 00:38:05 (14411 turns).

Cheops the Impaler (Merfolk Gladiator)             Turns: 14411, Time: 00:38:06

Health: 0/75       AC:  6    Str: 25    XL:     11   Next: 82%
Magic:  0/17       EV: 18    Int:  8    God:    the Shining One [**....]
Gold:   447        SH:  9    Dex: 15    Spells: 10/10 levels left

rFire   . . .      SeeInvis .   b - +2 halberd
rCold   . . .      Faith    .   (shield currently unavailable)
rNeg    + . .      Spirit   +   M - +1 leather armour of the Pleiades {Slay+3}
rPois   +          Reflect  .   n - +0 helmet
rElec   .          Harm     +   B - scarf {harm}
rCorr   .          Rampage  .   (no gloves)
Will    .....      Rnd*Tele +   p - +0 pair of boots
Stlth   +.........              x - amulet of guardian spirit
HPRegen 0.22/turn               k - ring of poison resistance
MPRegen 0.15/turn               O - +6 ring of strength

@: divinely shielded, glowing
A: (nimble swimmer 2), mertail, teleportitis 1, subdued magic 1, noise
suppression
a: Renounce Religion, Divine Shield


You were on level 12 of the Dungeon.
You worshipped the Shining One.
The Shining One was pleased with you.
You visited 2 branches of the dungeon, and saw 13 of its levels.

You collected 447 gold pieces.

Inventory:

Hand Weapons
 a - a +0 trident
 b - a +2 halberd (weapon)
 c - a +0 glaive
 I - a +2 hand axe of venom
 L - a +0 spear of freezing
Missiles
 d - 4 throwing nets (quivered)
 e - 4 javelins
 o - 15 boomerangs
Armour
 n - a +0 helmet (worn)
 p - a +0 pair of boots (worn)
 B - a scarf of harm (worn)
 F - a +3 leather armour
 M - the +1 leather armour of the Pleiades (worn) {Slay+3}
   (You took it off an orc on level 9 of the Dungeon)

   Slay:      It affects your accuracy & damage with ranged weapons and melee
   (+3).
 N - +0 steam dragon scales
 Q - a +3 scale mail
Jewellery
 k - a ring of poison resistance (left hand)
 r - a ring of positive energy
 x - an amulet of guardian spirit (around neck)
 O - a +6 ring of strength (right hand)
 R - an amulet of regeneration
Wands
 u - a wand of mindburst (22)
 z - a wand of roots (7)
 A - a wand of polymorph (7)
 H - a wand of digging (3)
 K - a wand of charming (13)
 P - a wand of flame (15)
Scrolls
 f - a scroll of enchant weapon {unknown}
 h - 4 scrolls of fear {unknown}
 i - a scroll of summoning {unknown}
 j - 3 scrolls of poison {unknown}
 q - 4 scrolls of vulnerability {unknown}
 t - a scroll of noise {unknown}
 v - a scroll of immolation {unknown}
 w - 2 scrolls of blinking {unknown}
 y - 5 scrolls of teleportation {unknown}
 C - a scroll of enchant armour {unknown}
 D - 2 scrolls of fog {unknown}
 E - a scroll of brand weapon {unknown}
 G - 2 scrolls of amnesia {unknown}
Potions
 g - 5 potions of curing {unknown}
 l - 2 potions of flight
 s - 3 potions of attraction
 J - 2 potions of lignification


   Skills:
 + Level 3.5 Fighting
 - Level 16.0 Polearms
 - Level 2.0 Throwing
 - Level 12.0 Dodging
 - Level 8.5 Invocations
 - Level 7.1 Evocations


You had 10 spell levels left.
You didn't know any spells.
Your spell library contained the following spells:

 Spells                   Type           Power      Damage    Failure   Level
 Shock                    Conj/Air       0%         1d3       41%         1
 Slow                     Hex            0%         N/A       41%         1
 Confusing Touch          Hex            0%         N/A       80%         3
 Inner Flame              Hex/Fire       0%         N/A       80%         3
 Swiftness                Air            0%         N/A       80%         3
 Vampiric Draining        Necr           0%         2d6       80%         3
 Airstrike                Air            0%         2d(0-16)  99%         4
 Cause Fear               Hex            0%         N/A       99%         4
 Blade Hands              Tmut           0%         N/A       100%        5
 Irradiate                Conj/Tmut      0%         3d11      100%        5
 Dragon Form              Tmut           0%         N/A       100%        7
 Discord                  Hex            0%         N/A       100%        8


Dungeon Overview and Level Annotations

Branches:
Dungeon (11/15)            Temple (1/1) D:6            Lair (0/5) D:10
    Orc (0/2) D:11

Altars:
Ashenzari
Cheibriados
Dithmenos
Elyvilon
Fedhas
Gozag
Hepliaklqana
Kikubaaqudgha
Makhleb
Nemelex Xobeh
Okawaru
Qazlal
Ru
Sif Muna
Trog
Uskayaw
Vehumet
Wu Jian
Xom
Yredelemnul
Zin
The Shining One

Shops:
D:4 [   D:7 :

Portals:
Abyss: D:5

Annotations:
D:5 2 transporters, javelincjr's ghost, novice DsAK
D:7 1 runed translucent door, Sharkman1231's ghost, novice DsAK


Innate Abilities, Weirdness & Mutations

((You are very nimble when in or above water. (Stealth+, EV+, Speed+++)))
Your lower body shifts to a powerful aquatic tail in water.
You are occasionally teleported next to monsters.
Your spells are a little easier to cast, but a little less powerful.
You passively dampen the noise of your surroundings.


Message History

A centaur warrior comes into view.
Found a potion of might.
The centaur warrior wields a +0 longbow.
The centaur warrior shoots an arrow.
The arrow hits you!!
The centaur warrior shoots an arrow.
The arrow hits you!!
* * * LOW HITPOINT WARNING * * *
The centaur warrior shoots an arrow.
The arrow misses you.
The centaur warrior shoots an arrow.
The arrow hits you!
* * * LOW HITPOINT WARNING * * *
Okay, then.
You feel much better. A divine shield forms around you!
The centaur warrior unwields a +0 longbow.
The centaur warrior hits you!
* * * LOW HITPOINT WARNING * * *
You block the centaur warrior's attack. The centaur warrior hits you.
* * * LOW HITPOINT WARNING * * *
The centaur warrior kicks you but does no damage.
You hit the centaur warrior.
The centaur warrior is lightly wounded.
The centaur warrior misses you.
The centaur warrior kicks you but does no damage.
You barely miss the centaur warrior.
The centaur warrior is lightly wounded.
The centaur warrior closely misses you. You block the centaur warrior's attack.
You puncture the centaur warrior!
The centaur warrior is moderately wounded.
The centaur warrior hits you.
* * * LOW HITPOINT WARNING * * *
The centaur warrior kicks you.
* * * LOW HITPOINT WARNING * * *
You slice the centaur warrior!!
The centaur warrior is severely wounded.
The centaur warrior hits you!
* * * LOW HITPOINT WARNING * * *
The centaur warrior barely misses you.
You hit the centaur warrior but do no damage.
The centaur warrior is severely wounded.
The centaur warrior hits you!
You die...

################################
#...............................
#.......####..##......###.##...#
#..###### ############ ########
#..# #########################
#..# #.!....c.#.......#...#...
#..# ######.#@#####.#.###.#.##
#..# ...#.......#.....#..# #..#
##+###.###########.##.# #..#
#$?#.......# #.#..# #..#
#?$#.#####.# #.#### #..#
#??#.....# #.#... #..#
######.#.# #.#.## #..# .# #.#...
# #.####


You could see a centaur warrior.

Vanquished Creatures
  Erolcha (D:9)
  Harold (D:11)
  Nergalle (D:11)
  A cyclops (D:11)
  An elephant (D:10)
  3 kobold demonologists
  A troll (D:10)
  A hornet (D:7)
  A centaur simulacrum (D:12)
  9 yaks (D:10)
  2 wraiths (D:11)
  Eustachio (D:6)
  3 wyverns
  A basilisk (D:10)
  3 steam dragons
  2 acid dragons
  A water moccasin (D:7)
  3 ice beasts
  2 black bears
  2 orc warriors
  2 sky beasts (D:7)
  5 centaurs
  An ogre (D:5)
  2 phantoms
  4 kobold brigands
  4 bullfrogs
  2 necrophages
  A gnoll sergeant (D:9)
  5 scorpions
  5 wights (D:8)
  19 killer bees
  4 howler monkeys
  5 hounds
  5 jellies
  10 orc priests
  4 iguanas
  Natasha (thrice) (D:3)
  5 orc wizards
  Robin (D:2)
  4 adders
  12 gnolls
  2 shadow imps (D:6)
  3 worms
  5 dart slugs
  35 orcs
  4 endoplasms
  3 giant cockroaches
  12 goblins
  17 hobgoblins
  9 jackals
  29 kobolds
  4 quokkas
  8 ball pythons
  7 bats
  3 frilled lizards
  4 rats
288 creatures vanquished.

Vanquished Creatures (others)
  A goblin (D:2)
1 creature vanquished.

Grand Total: 289 creatures vanquished

Notes
Turn   | Place    | Note
-------+----------+-------------------------------------------
     0 | D:1      | Cheops the Merfolk Gladiator began the quest for the Orb.
     0 | D:1      | Reached XP level 1. HP: 16/16 MP: 1/1
   371 | D:1      | Reached XP level 2. HP: 17/22 MP: 2/2
   496 | D:1      | Reached skill level 5 in Polearms
   640 | D:1      | Found a faded altar of an unknown god.
   796 | D:1      | Reached XP level 3. HP: 27/27 MP: 3/3
  1092 | D:2      | Noticed Robin
  1097 | D:2      | Reached skill level 6 in Polearms
  1106 | D:2      | Killed Robin
  1113 | D:2      | Gained mutation: You have a pair of small antennae on your
                  | head. [potion of mutation]
  1133 | D:2      | Reached XP level 4. HP: 33/33 MP: 4/4
  1472 | D:2      | Found a radiant altar of Vehumet.
  1700 | D:2      | Reached skill level 7 in Polearms
  1902 | D:2      | Lost mutation: You have a pair of small antennae on your
                  | head. [potion of mutation]
  1902 | D:2      | Gained mutation: Your spells are a little easier to cast,
                  | but a little less powerful. [potion of mutation]
  1902 | D:2      | Gained mutation: You passively dampen the noise of your
                  | surroundings. [potion of mutation]
  1902 | D:2      | Gained mutation: You are occasionally teleported next to
                  | monsters. [potion of mutation]
  2180 | D:3      | Noticed Natasha
  2184 | D:3      | Killed Natasha
  2185 | D:3      | Reached XP level 5. HP: 38/38 MP: 5/5
  2479 | D:3      | Noticed Natasha
  2487 | D:3      | Killed Natasha
  2639 | D:3      | Found a sacrificial altar of Ru.
  2820 | D:3      | Noticed Natasha
  2827 | D:3      | Killed Natasha
  2828 | D:3      | Reached skill level 8 in Polearms
  2953 | D:4      | Noticed a black bear
  2965 | D:4      | Killed a black bear
  2966 | D:4      | Reached skill level 9 in Polearms
  2966 | D:4      | Reached XP level 6. HP: 21/44 MP: 3/6
  3530 | D:4      | Reached skill level 10 in Polearms
  3736 | D:4      | Reached XP level 7. HP: 50/50 MP: 7/7
  3739 | D:4      | Found Xaupiomn's Antique Armour Emporium.
  4341 | D:5      | Entered Level 5 of the Dungeon
  4821 | D:5      | Reached skill level 11 in Polearms
  4917 | D:5      | Found a transporter.
  4978 | D:5      | Found a shimmering altar of Xom.
  5138 | D:5      | Found a transporter.
  5142 | D:5      | Noticed a toenail golem
  5226 | D:5      | Noticed a small abomination
  5239 | D:5      | Found a one-way gate to the infinite horrors of the Abyss.
  5239 | D:5      | Noticed javelincjr's ghost (novice DsAK)
  5566 | D:5      | Reached XP level 8. HP: 55/56 MP: 8/8
  5586 | D:5      | Reached skill level 12 in Polearms
  6197 | D:6      | Reached skill level 13 in Polearms
  6305 | D:6      | Found an ancient bone altar of Kikubaaqudgha.
  6420 | D:6      | Found a staircase to the Ecumenical Temple.
  6430 | Temple   | Entered the Ecumenical Temple
  6437 | Temple   | Became a worshipper of the Shining One
  6757 | D:6      | Found an opulent altar of Gozag.
  6805 | D:6      | Found an iron altar of Okawaru.
  6806 | D:6      | Found a hide-covered altar of Uskayaw.
  6807 | D:6      | Found a stormy altar of Qazlal.
  6807 | D:6      | Found a basalt altar of Yredelemnul.
  6808 | D:6      | Found a glowing silver altar of Zin.
  6828 | D:6      | Reached skill level 14 in Polearms
  6923 | D:6      | Noticed Eustachio
  6966 | D:6      | Killed Eustachio
  6967 | D:6      | Reached skill level 5 in Dodging
  7513 | D:7      | Noticed a wyvern
  7518 | D:7      | Killed a wyvern
  7518 | D:7      | Noticed a hornet
  7519 | D:7      | Reached XP level 9. HP: 61/61 MP: 9/9
  7890 | D:7      | Killed a hornet
  7950 | D:7      | Found Casheib's Book Shop.
  7967 | D:7      | Reached skill level 10 in Dodging
  8389 | D:7      | Found a runed translucent door.
  8396 | D:7      | Noticed Sharkman1231's ghost (novice DsAK)
  9237 | D:8      | Reached skill level 1 in Invocations
  9528 | D:8      | Found a broken altar of Ashenzari.
  9747 | D:8      | Reached XP level 10. HP: 63/67 MP: 9/11
 10168 | D:8      | Reached * piety under the Shining One
 10573 | D:9      | Noticed Erolcha
 10585 | D:9      | Killed Erolcha
 10963 | D:9      | Identified the +1 leather armour of the Pleiades {Slay+3}
 11706 | D:10     | Entered Level 10 of the Dungeon
 11758 | D:10     | Noticed a kobold demonologist
 11764 | D:10     | Noticed a soul eater
 11764 | D:10     | Killed a kobold demonologist
 11866 | D:10     | Reached XP level 11. HP: 31/72 MP: 9/17
 11872 | D:10     | Reached skill level 5 in Evocations
 12141 | D:10     | Found a staircase to the Lair.
 12851 | D:11     | Found a staircase to the Orcish Mines.
 13225 | D:11     | Reached ** piety under the Shining One
 13368 | D:11     | Noticed Harold
 13381 | D:11     | Killed Harold
 13382 | D:11     | Reached skill level 15 in Polearms
 13924 | D:11     | Noticed a cyclops
 13945 | D:11     | Killed a cyclops
 14020 | D:11     | Noticed Nergalle
 14030 | D:11     | Noticed a spectral orc warlord
 14036 | D:11     | Killed Nergalle
 14037 | D:11     | Reached skill level 16 in Polearms
 14297 | D:11     | You fall into a shaft and drop 1 floor!
 14399 | D:12     | Noticed a centaur warrior
 14411 | D:12     | Slain by a centaur warrior

Illustrated notes

Levels and vault maps discovered:
D:1:      dpeg_arrival_arbitrary_a, layout_rooms, shapermc_ecumenical_altar_venn
D:2:      layout_loops_cross, basic_altar, uniq_robin
D:3:      layout_basic, lemuel_tele_altar, kennysheep_cluttered_room,
          uniq_natasha
D:4:      layout_loops_corners, serial_shops, shop
D:5:      corexii_shantytown, layout_layer_cave, amcnicky_altar_gilded,
          gammafunk_ghost_abyssal_escape
D:6:      layout_loops_ring, mainiacjoe_overflow_alcove_2,
          kiku_gazebo_pond_becter, grunt_temple_overflow_open,
          minmay_temple_entry_gardened_gates, uniq_eustachio
D:7:      layout_cave_pods, serial_shops, nicolae_shop_stone,
          ebering_ghost_reflecting_pool
D:8:      layout_gridville, mainiacjoe_overflow_catwalk
D:9:      layout_roguey, uniq_erolcha
D:10:     layout_small_grid, david_lair_generic, minmay_unpleasant_kobolds
D:11:     layout_loops_corners, minmay_orc_entry_temple_small, uniq_harold,
          uniq_psyche, uniq_nergalle
D:12:     layout_long_grid, serial_ice, serial_ice_h, serial_ice_e,
          serial_ice_o, serial_ice_m, chequers_decorated_corner, wad_mini_maze
Temple:   nicolae_temple_no_exploring_needed

Skill      XL: |  1  2  3  4  5  6  7  8  9 10 11 |
---------------+----------------------------------+-----
Polearms       | 5 6 7 9 10 11 14 16 | 16.0
Dodging        | 7 12 | 12.0
Invocations    | 2 8 |  8.5
Evocations     | 4 7 |  7.1
Fighting       | 3 |  3.5
Throwing       | |  2.0

Action                   |  1- 3 |  4- 6 |  7- 9 | 10-12 || total
-------------------------+-------+-------+-------+-------++-------
Melee: Trident           |   115 |   174 |   456 |    38 ||   783
       Punch             |       |     1 |     5 |     1 ||     7
       Halberd           |       |       |       |   319 ||   319
Throw: Throwing net      |       |       |       |     2 ||     2
Invok: Divine Shield     |       |       |       |     2 ||     2
Evoke: Wand              |       |       |     5 |     1 ||     6
  Use: Potion            |     3 |     1 |     2 |     5 ||    11
       Scroll            |       |       |     6 |     1 ||     7
 Stab: Sleeping          |       |     7 |     5 |       ||    12
       Distracted        |       |     1 |       |       ||     1
Armor: Leather armour    |    25 |    25 |    67 |    59 ||   176
Dodge: Dodged            |    96 |    80 |   185 |   261 ||   622
Block: Other             |       |       |       |    10 ||    10
